 Dungeon Crawl Stone Soup version 0.18.1-50-g88ac8fd (webtiles) character file.

24377 Gaplan the Eclecticist (level 12, -3/62 HPs)
             Began as a Deep Elf Fire Elementalist on Oct 20, 2016.
             Was the Champion of Sif Muna.
             Slain by a blink frog (11 damage)
             ... on level 5 of the Lair of Beasts.
             The game lasted 01:45:35 (18403 turns).

Gaplan the Eclecticist (DEFE)                      Turns: 18403, Time: 01:45:36

Health: -3/62      AC:  8    Str:  5      XL:     12   Next: 80%
Magic:  43/43      EV: 10    Int: 28 (29) God:    Sif Muna [******]
Gold:   911        SH:  0    Dex: 12 (15) Spells: 6 memorised, 23 levels left

rFire  + . .     SeeInvis .     A - +1 hand axe (chop)
rCold  . . .     Gourm    +     V - +2 robe "Abeaczua" {rF+ Int+3}
rNeg   . . .     Faith    .     (no shield)
rPois  .         Spirit   .     g - +1 helmet
rElec  .         Dismiss  .     k - +0 cloak
rCorr  .         Reflect  .     y - +0 pair of gloves
SustAt .         Harm     .     (no boots)
MR     +....                    D - amulet of the gourmand
Stlth  ++++......               l - ring of stealth
                                e - ring of magical power

@: somewhat resistant to hostile enchantments, stealthy
A: no striking features
a: Channel Energy, Forget Spell, Renounce Religion


You were on level 5 of the Lair of Beasts.
You worshipped Sif Muna.
Sif Muna was exalted by your worship.
You were completely stuffed.

You visited 3 branches of the dungeon, and saw 15 of its levels.

You collected 911 gold pieces.

Inventory:

Hand Weapons
 A - a +1 hand axe of chopping (weapon)
Missiles
 n - 2 throwing nets (quivered)
Armour
 g - a +1 helmet (worn)
 k - a +0 cloak (worn)
 y - a +0 pair of gloves (worn)
 V - the +2 robe "Abeaczua" (worn) {rF+ Int+3}
   (You took it off a hobgoblin on level 6 of the Dungeon)

   It affects your intelligence (+3).
   It protects you from fire.
Jewellery
 e - a ring of magical power (left hand)
 l - a ring of stealth (right hand)
 x - the ring "Cuelyni" {Wiz rF+ Int+2 Dex+5}
   (You found it on level 4 of the Dungeon)

   [ring of wizardry]

   It improves your spell success rate.
   It affects your intelligence (+2).
   It affects your dexterity (+5).
   It protects you from fire.
 D - an amulet of the gourmand (around neck)
Wands
 d - a wand of disintegration (15/24)
 p - a wand of teleportation (1/9)
 u - a wand of random effects (29/48)
 I - a wand of enslavement (8/24)
 Q - a wand of paralysis (4/24)
Scrolls
 j - 3 scrolls of identify
 m - 2 scrolls of magic mapping
 r - 3 scrolls of enchant armour
 H - a scroll of amnesia
 M - 2 scrolls of blinking
 P - a scroll of enchant weapon
 S - 6 scrolls of remove curse
 T - 4 scrolls of recharging
 Y - a scroll of vulnerability {unknown}
Potions
 a - a potion of might {unknown}
 f - a potion of ambrosia {unknown}
 q - a potion of curing
 s - a potion of invisibility {unknown}
 v - 3 potions of agility
 w - 2 potions of berserk rage {unknown}
 z - a potion of lignification {unknown}
 B - a potion of cure mutation
 C - a potion of cancellation {unknown}
 E - a potion of mutation {unknown}
 F - a potion of degeneration
 J - a potion of beneficial mutation {unknown}
 K - a potion of resistance {unknown}
 O - a potion of brilliance
 W - 2 potions of flight
 X - a potion of magic {unknown}
Books
 b - a book of Flames

   Spells                             Type                      Level
   a - Flame Tongue                   Conjuration/Fire             1
   b - Throw Flame                    Conjuration/Fire             2
   c - Conjure Flame                  Conjuration/Fire             3
   d - Inner Flame                    Hexes/Fire                   3
   e - Sticky Flame                   Conjuration/Fire             4
   f - Fireball                       Conjuration/Fire             5
 t - Olalyol's Guide on the Ashen Entourage
   (Sif Muna gifted it to you on level 4 of the Lair of Beasts)

   Spells                             Type                      Level
   a - Passwall                       Transmutation/Earth          2
   b - Summon Guardian Golem          Hexes/Summoning              3
   c - Leda's Liquefaction            Hexes/Earth                  4
   d - Summon Ice Beast               Ice/Summoning                4
   e - Lee's Rapid Deconstruction     Earth                        5
   f - Aura of Abjuration             Summoning                    5
   g - Summon Hydra                   Summoning                    7
 R - a book of Necromancy

   Spells                             Type                      Level
   a - Pain                           Necromancy                   1
   b - Animate Skeleton               Necromancy                   1
   c - Vampiric Draining              Necromancy                   3
   d - Regeneration                   Charms/Necromancy            3
   e - Animate Dead                   Necromancy                   4
   f - Control Undead                 Necromancy                   4
 Z - a Necronomicon

   Spells                             Type                      Level
   a - Haunt                          Necromancy/Summoning         7
   b - Borgnjor's Revivification      Necromancy                   8
   c - Death's Door                   Charms/Necromancy            8
   d - Necromutation                  Transmutation/Necromancy     8
Comestibles
 c - 6 bread rations
 h - 4 royal jellies
 i - 7 beef jerkies


   Skills:
 - Level 1.9 Fighting
   Level 0.2 Short Blades
 * Level 5.7 Axes
 + Level 7.3 Dodging
 + Level 5.6 Stealth
 + Level 16.0 Spellcasting
 + Level 12.2 Conjurations
 + Level 0.8 Charms
 * Level 5.9 Necromancy
 - Level 8.7 Fire Magic
 - Level 0.9 Evocations


You had 23 spell levels left.
You knew the following spells:

 Your Spells              Type           Power        Failure   Level  Hunger
a - Flame Tongue          Conj/Fire      #####        1%          1    None
b - Conjure Flame         Conj/Fire      ######..     1%          3    None
c - Sticky Flame          Conj/Fire      ######..     1%          4    None
d - Fireball              Conj/Fire      ######....   1%          5    None
e - Regeneration          Chrm/Necr      #####.....   1%          3    None
f - Animate Dead          Necr           N/A          1%          4    None


Dungeon Overview and Level Annotations

Branches:
Dungeon (9/15)             Temple (1/1) D:4            Lair (5/8) D:9
  Swamp (0/4) Lair:3          Orc (0/2) D:9
  Snake: Lair:3-6    Spider: Lair:3-6

Altars:
Ashenzari
Cheibriados
Dithmenos
Elyvilon
Fedhas
Gozag
Kikubaaqudgha
Makhleb
Nemelex Xobeh
Okawaru
Pakellas
Qazlal
Ru
Sif Muna
Trog
Vehumet
Xom
Yredelemnul
Zin
The Shining One

Annotations:
D:5 Prince Ribbit


Message History

The blink frog burns!
Your porcupine skeleton bites the blink frog!
The blink frog burns!
The blink frog hits you.
The blink frog burns!
Your crocodile zombie bites the blink frog!
The blink frog dies!
You start resting.
Magic restored.
You start resting.
Your crocodile zombie crumbles into dust!
HP restored.
You swap places.
There is a stone staircase leading down here.
You climb downwards.
Your mindless thrall stays behind.
The blink frog hits you! x2; The blink frog closely misses you. x2
There is a stone staircase leading up, spattered with blood here.
The blink frog hits you! x2
* * * LOW HITPOINT WARNING * * *
The blink frog hits you!
You die...

........
....... . ##
.....## ..
#..#.....# ...
.#.......##....
.......F....#..
......FFF......
.......@.......
...............
............P..
...............
...............
...............
...............
...............


You could see 4 blink frogs.

Vanquished Creatures
  A hydra (Lair:4)
  3 death yaks (Lair:4)
  Nergalle (Lair:3)
  4 elephants
  A black mamba (Lair:2)
  Psyche (D:8)
  3 spiny frogs (Lair:1)
  A rime drake (Lair:4)
  3 komodo dragons
  The ghost of coolsiideri the Ducker, an amateur DrBe of Trog (D:9)
  A troll (D:9)
  A giant leech (Lair:3)
  The ghost of ch1llma the Conjurer, an amateur DrCj of Sif Muna (D:5)
  Grinder (D:6)
  7 blink frogs
  33 yaks
  3 wyverns (Lair:4)
  Eustachio (D:6)
  2 steam dragons (D:5)
  4 basilisks
  4 hippogriffs
  7 water moccasins
  3 porcupines
  A black bear (D:6)
  A hell hound (Lair:4)
  2 orc warriors
  3 sky beasts
  3 phantoms
  An ice beast (D:9)
  11 ogres
  2 centaurs
  17 wolves
  8 crocodiles
  6 giant frogs
  A big kobold (D:8)
  3 scorpions
  A wyvern skeleton (D:7)
  4 killer bees (D:5)
  An electric eel (Lair:1)
  4 howler monkeys
  3 crimson imps
  2 jellies
  2 hounds
  A quasit (D:6)
  A gnoll shaman (D:4)
  3 orc priests
  2 giant frog skeletons
  7 orc wizards
  7 iguanas
  5 worker ants
  A yak simulacrum (Lair:4)
  2 polar bear simulacra (Lair:4)
  13 sheep
  2 wolf simulacra (Lair:4)
  A hound skeleton (D:5)
  2 howler monkey zombies (D:5)
  5 worker ant zombies
  3 gnolls (D:4)
  16 adders
  16 river rats
  2 oozes
  An adder zombie (D:5)
  An adder skeleton (D:7)
  3 worms
  A dart slug (D:1)
  2 giant geckos
  15 orcs
  A ball python (D:3)
  7 giant cockroaches
  5 goblins
  10 hobgoblins
  8 jackals
  A quokka (D:6)
  7 bats
  A giant cockroach zombie (D:5)
  A giant gecko skeleton (D:7)
  2 giant gecko zombies
  6 giant newts
  A jackal skeleton (D:5)
  8 kobolds
  5 rats
  2 river rat simulacra (Lair:4)
  5 fungi
345 creatures vanquished.

Vanquished Creatures (collateral kills)
  A necromancer (Lair:4)
  A blink frog (Lair:4)
  2 hippogriffs (Lair:4)
  A giant frog (Lair:4)
  4 polar bear simulacra (Lair:4)
9 creatures vanquished.

Vanquished Creatures (others)
  7 fungi
  3 plants
10 creatures vanquished.

Grand Total: 364 creatures vanquished

Notes
Turn   | Place    | Note
--------------------------------------------------------------
     0 | D:1      | Gaplan the Deep Elf Fire Elementalist began the quest for the Orb.
     0 | D:1      | Reached XP level 1. HP: 10/10 MP: 6/6
   406 | D:1      | Reached XP level 2. HP: 15/15 MP: 8/8
   823 | D:2      | Reached XP level 3. HP: 19/19 MP: 10/10
   828 | D:2      | Learned a level 3 spell: Conjure Flame
  1303 | D:2      | Found a stormy altar of Qazlal.
  1496 | D:2      | Reached XP level 4. HP: 24/24 MP: 11/11
  1930 | D:2      | Found a sacrificial altar of Ru.
  2174 | D:2      | Learned a level 4 spell: Sticky Flame
  2236 | D:3      | Found a shimmering altar of Xom.
  2295 | D:3      | Noticed an ogre
  2300 | D:3      | Killed an ogre
  2300 | D:3      | Reached skill level 4 in Spellcasting
  2300 | D:3      | Reached skill level 5 in Fire Magic
  2300 | D:3      | Reached XP level 5. HP: 28/28 MP: 8/13
  2945 | D:3      | Learned a level 5 spell: Fireball
  2971 | D:4      | Found a staircase to the Ecumenical Temple.
  2975 | D:3      | Reached skill level 5 in Spellcasting
  2978 | D:3      | Reached XP level 6. HP: 19/32 MP: 3/15
  3539 | D:4      | Got a crude copper ring
  3915 | D:5      | Entered Level 5 of the Dungeon
  3929 | D:5      | Reached XP level 7. HP: 23/36 MP: 6/17
  4047 | D:4      | Identified the ring "Cuelyni" {Wiz rF+ Int+2 Dex+5} (You found it on level 4 of the Dungeon)
  4115 | D:4      | Reached skill level 6 in Spellcasting
  4598 | D:4      | Found a sparkling altar of Nemelex Xobeh.
  4646 | D:4      | Found a glowing golden altar of the Shining One.
  4646 | D:4      | Found a snail-covered altar of Cheibriados.
  4690 | D:4      | Reached skill level 7 in Spellcasting
  4690 | D:4      | Reached XP level 8. HP: 41/41 MP: 10/20
  4795 | Temple   | Entered the Ecumenical Temple
  4977 | Temple   | Became a worshipper of Sif Muna the Loreminder
  5171 | D:5      | Reached skill level 5 in Conjurations
  5678 | D:5      | Noticed ch1llma's ghost (amateur DrCj)
  5686 | D:5      | Killed ch1llma's ghost
  5686 | D:5      | Reached * piety under Sif Muna
  5686 | D:5      | Reached skill level 8 in Spellcasting
  5694 | D:5      | Noticed Prince Ribbit
  5929 | D:5      | Found a shattered altar of Ashenzari.
  5929 | D:5      | Found an iron altar of Okawaru.
  6660 | D:6      | Noticed Eustachio
  6663 | D:6      | Killed Eustachio
  6663 | D:6      | Reached skill level 9 in Spellcasting
  6663 | D:6      | Reached XP level 9. HP: 45/45 MP: 16/24
  6829 | D:6      | Reached ** piety under Sif Muna
  6931 | D:6      | Got a wizard robe
  7069 | D:6      | Noticed Grinder
  7073 | D:6      | Killed Grinder
  7130 | D:6      | Identified the +2 robe "Abeaczua" {rF+ Int+3} (You took it off a hobgoblin on level 6 of the Dungeon)
  7141 | D:6      | Found a blossoming altar of Fedhas.
  7312 | D:6      | Found a sparkling altar of Nemelex Xobeh.
  7312 | D:6      | Found a shadowy altar of Dithmenos.
  7446 | D:6      | Reached skill level 10 in Spellcasting
  7920 | D:7      | Reached *** piety under Sif Muna
  8500 | D:7      | Reached skill level 5 in Dodging
  8500 | D:7      | Reached skill level 1 in Fighting
  8978 | D:7      | Found a glowing silver altar of Zin.
  9048 | D:8      | Noticed Psyche
  9054 | D:8      | Killed Psyche
  9054 | D:8      | Reached skill level 11 in Spellcasting
  9054 | D:8      | Reached XP level 10. HP: 52/52 MP: 7/27
  9241 | D:8      | Reached skill level 1 in Axes
  9621 | D:8      | Found an oddly glowing altar of Pakellas.
  9969 | D:9      | Noticed coolsiideri's ghost (amateur DrBe)
  9973 | D:9      | Killed coolsiideri's ghost
 10233 | D:9      | Reached skill level 12 in Spellcasting
 10405 | D:9      | Reached skill level 5 in Stealth
 10612 | D:9      | Found a staircase to the Lair.
 10659 | D:9      | Found a white marble altar of Elyvilon.
 10701 | D:9      | Reached **** piety under Sif Muna
 10854 | D:9      | Found a staircase to the Orcish Mines.
 11659 | Lair:1   | Entered Level 1 of the Lair of Beasts
 11767 | Lair:1   | Noticed a spiny frog
 11768 | Lair:1   | Noticed a spiny frog
 11783 | Lair:1   | Killed a spiny frog
 11785 | Lair:1   | Noticed a spiny frog
 11794 | Lair:1   | Killed a spiny frog
 11835 | Lair:1   | Reached skill level 13 in Spellcasting
 12012 | Lair:1   | Reached XP level 11. HP: 56/56 MP: 21/30
 12113 | Lair:1   | Reached ***** piety under Sif Muna
 12919 | Lair:2   | Reached skill level 10 in Conjurations
 13484 | Lair:2   | Reached skill level 14 in Spellcasting
 14586 | Lair:3   | Reached ****** piety under Sif Muna
 14860 | Lair:3   | Received a gift from Sif Muna
 14867 | Lair:3   | Learned a level 3 spell: Regeneration
 14872 | Lair:3   | Learned a level 4 spell: Animate Dead
 14971 | Lair:3   | Noticed a fire dragon
 15070 | Lair:3   | Noticed Nergalle
 15328 | Lair:3   | Killed Nergalle
 15328 | Lair:3   | Reached XP level 12. HP: 62/62 MP: 4/32
 15513 | Lair:3   | Found a staircase to the Swamp.
 15703 | Lair:4   | Reached skill level 1 in Necromancy
 15988 | Lair:4   | Noticed a death yak
 15998 | Lair:4   | Noticed a death yak
 16000 | Lair:4   | Killed a death yak
 16000 | Lair:4   | Reached skill level 15 in Spellcasting
 16003 | Lair:4   | Noticed a death yak
 16016 | Lair:4   | Killed a death yak
 16181 | Lair:4   | Killed a death yak
 16181 | Lair:4   | Reached skill level 5 in Axes
 16707 | Lair:4   | Noticed a seven-headed hydra
 17319 | Lair:4   | Killed a seven-headed hydra
 17426 | Lair:4   | Reached skill level 5 in Necromancy
 17959 | Lair:4   | Received a gift from Sif Muna
 17968 | Lair:4   | Identified Olalyol's Guide on the Ashen Entourage (Sif Muna gifted it to you on level 4 of the Lair of Beasts)
 18048 | Lair:5   | Reached skill level 16 in Spellcasting
 18403 | Lair:5   | Slain by a blink frog

Skill      XL: |  1  2  3  4  5  6  7  8  9 10 11 12 |
---------------+-------------------------------------+-----
Fire Magic     | 4 5 6 7 8 |  8.7
Conjurations   | 2 3 4 6 7 9 11 12 | 12.2
Stealth        | 3 4 5 |  5.6
Spellcasting   | 4 5 7 9 11 13 14 16 | 16.0
Dodging        | 3 4 6 7 |  7.3
Fighting       | 1 |  1.9
Axes           | 2 4 5 |  5.7
Necromancy     | 5 |  5.9
Short Blades   | |  0.2
Charms         | |  0.8
Evocations     | |  0.9

Action                   |  1- 3 |  4- 6 |  7- 9 | 10-12 || total
-------------------------+-------+-------+-------+-------++-------
Melee: Club              |     1 |     2 |       |       ||     3
       Short sword       |       |     1 |     2 |       ||     3
       Hand axe          |       |       |   101 |    29 ||   130
Throw: Tomahawk          |       |       |     7 |       ||     7
 Cast: Flame Tongue      |    62 |    81 |   122 |    91 ||   356
       Conjure Flame     |     1 |    13 |    21 |    20 ||    55
       Sticky Flame      |       |    18 |    25 |    69 ||   112
       Fireball          |       |     1 |    43 |   165 ||   209
       Animate Dead      |       |       |       |    21 ||    21
       Regeneration      |       |       |       |     5 ||     5
Invok: Channel Energy    |       |       |       |     1 ||     1
Evoke: Wand              |       |       |    12 |     4 ||    16
  Use: Scroll            |     2 |     2 |     9 |    11 ||    24
       Potion            |       |       |     3 |     6 ||     9
  Eat: Chunk             |     2 |     8 |    22 |    33 ||    65
       Bread ration      |       |     1 |     1 |       ||     2
       Beef jerky        |       |       |     2 |       ||     2
       Meat ration       |       |       |     1 |       ||     1
       Pizza             |       |       |       |     1 ||     1
Armor: Robe              |     4 |     5 |    29 |    18 ||    56
Dodge: Dodged            |    16 |    18 |   117 |   104 ||   255
